 Dungeon Crawl Stone Soup version 0.29-a0-813-g4a14ea37d6 (webtiles) character file.

Game seed: 1665290654599975210

5 gobodom the Digger (level 1, -2/11 HPs)
             Began as an Octopode Earth Elementalist on July 4, 2022.
             Was a Follower of Trog.
             Slain by a quokka (5 damage)
             ... on level 1 of the Dungeon.
             The game lasted 00:01:13 (340 turns).

gobodom the Digger (Octopode Earth Elementalist)     Turns: 340, Time: 00:01:14

Health: -2/11      AC:  1    Str:  7    XL:     1   Next: 80%
Magic:  3/3        EV: 13    Int: 17    God:    Trog [*.....]
Gold:   0          SH:  0    Dex: 12    Spells: 3/4 levels left

rFire   . . .      SeeInvis .   c - +0 shortbow
rCold   . . .      Faith    .   (shield currently unavailable)
rNeg    . . .      Spirit   .   (helmet restricted)
rPois   .          Reflect  .   (no amulet)
rElec   .          Harm     .   (no ring)
rCorr   .          Rampage  .   (no ring)
Will    .....                   (no ring)
Stlth   +++.......              (no ring)
HPRegen 0.03/turn               (no ring)
MPRegen 0.08/turn               (no ring)
                                (no ring)
                                (no ring)

@: no status effects
A: almost no armour, amphibious, 8 rings, camouflage 1, gelatinous body 1,
(nimble swimmer 1), tentacles
a: Renounce Religion, Berserk


You were on level 1 of the Dungeon.
You worshipped Trog.
Trog was aware of your devotion.
You visited 1 branch of the dungeon, and saw 1 of its levels.

Inventory:

Hand Weapons
 c - a +0 shortbow (weapon)
Scrolls
 b - a scroll of immolation {unknown}
Potions
 a - a potion of magic


   Skills:
 + Level 0.1 Ranged Weapons
 + Level 2.0 Dodging
 + Level 2.7 Stealth
 - Level 2.0 Spellcasting
 - Level 1.0 Transmutations
 - Level 3.3 Earth Magic


You had 3 spell levels left.
You knew the following spells:

 Your Spells              Type           Power      Damage    Failure   Level
a - Sandblast             Erth           24%        2d8       4%          1

Your spell library contained the following spells:

 Spells                   Type           Power      Damage    Failure   Level
 Passwall                 Tmut/Erth      7%         N/A       12%         2
 Stone Arrow              Conj/Erth      14%        3d7       30%         3
 Petrify                  Tmut/Erth      9%         N/A       63%         4


Dungeon Overview and Level Annotations

Branches:
Dungeon (1/15)

Altars:
Trog


Innate Abilities, Weirdness & Mutations

You cannot wear most types of armour.
You are amphibious.
You can wear up to eight rings at the same time.
Your skin changes colour to match your surroundings (Stealth+).
Your rubbery body absorbs attacks. (AC +1, EV +1)
((You are camouflaged when in or above water. (Stealth+)))
You have tentacles for arms and can constrict up to eight enemies at once.


Message History

The bat hits you but does no damage. The bat closely misses you.
The bat closely misses you. The bat completely misses you. The bat hits you. x2
Found a scroll labelled PIGHEU XAENEC.
The bat hits you but does no damage.
You clumsily bash the bat but do no damage.
You grab the bat.
The bat is heavily wounded.
You constrict the bat.
You kill the bat!
Trog accepts your kill.
Found a viscous green potion and a scroll labelled PIGHEU XAENEC.
A quokka and an endoplasm come into view.
Found 2 boomerangs and a dagger.
You see here 4 stones.
There are monsters nearby!
The helpless quokka fails to defend itself.
You clumsily bash the quokka.
Your grab misses the quokka. Your squeeze misses the quokka.
The quokka is moderately wounded.
The quokka barely misses you. x2
You barely miss the quokka. Your grab misses the quokka.
The quokka is moderately wounded.
The quokka closely misses you. The quokka misses you.
You barely miss the quokka. You grab the quokka. You squeeze the quokka.
The quokka is heavily wounded.
You constrict the quokka, but do no damage.
The quokka barely misses you.
You clumsily bash the quokka but do no damage.
The quokka is heavily wounded.
You constrict the quokka, but do no damage.
The quokka completely misses you. The quokka bites you.
You clumsily bash the quokka but do no damage.
The quokka is heavily wounded.
You constrict the quokka, but do no damage.
The quokka bites you.
* * * LOW HITPOINT WARNING * * *
The quokka bites you.
You die...

#?...............#
#................#
######........###.....##
#.......!...(#...#......
#...........#..8.⌠#.....
#..........##.8..###..##
#..........##...#∩#⌠#.#.
#..........#.#⌠#_#...##.
#.....(@...######..8.##.
#.....r....# #⌠.8..###
#..........# ##...#...
#..........# #.###.###
#..........# #........
############ ######### #
# #


You could see a quokka.

Vanquished Creatures
  A bat (D:1)
  A hobgoblin (D:1)
  A kobold (D:1)
  A quokka (D:1)
4 creatures vanquished.

Notes
Turn   | Place    | Note
-------+----------+-------------------------------------------
     0 | D:1      | gobodom the Octopode Earth Elementalist began the quest for
                  | the Orb.
     0 | D:1      | Reached XP level 1. HP: 11/11 MP: 3/3
   303 | D:1      | Found a faded altar of an unknown god.
   313 | D:1      | Prayed at the altar of an unknown god.
   313 | D:1      | Became a worshipper of Trog the Wrathful
   313 | D:1      | Reached * piety under Trog
   340 | D:1      | Slain by a quokka

Illustrated notes

Levels and vault maps discovered:
D:1:      psy_arrival_whirlpool, layout_basic, shapermc_ecumenical_altar_venn

Action                   || total
-------------------------++-------
Melee: Shortbow          ||    14
       Constrict         ||     6
       Tentacles         ||     2
 Fire: Shortbow          ||     6
 Stab: Sleeping          ||     1
Armor: Skin              ||     4
Dodge: Dodged            ||    19

Table legend: (Time is in decaauts)
 A = Elapsed time spent in this place.
 B = Non-inter-level travel time spent in this place.
 C = Inter-level travel time spent in this place.
 D = Time resting spent in this place.
 E = Time spent auto-exploring this place.
 F = Levels seen in this place.
 G = Mean time per level.
                   A        B        C        D        E       F      G
               +--------+--------+--------+--------+--------+-----+--------+
         Total |    349 |    349 |      0 |      0 |    286 |   1 |  349.0 |
       Dungeon |    349 |    349 |      0 |      0 |    286 |   1 |  349.0 |
               +--------+--------+--------+--------+--------+-----+--------+

Top non-repeatable levels by time:
     D:1: 349 daAuts
